 Dungeon Crawl Stone Soup version 0.30.0-20-g3615ddf2f0 (webtiles) character file.

Game seed: 9300749513116113979

48 qw the Chopper (level 3, -1/23 HPs)
             Began as a Gargoyle Fighter on May 28, 2023.
             Slain by a gnoll
             ... wielding a +0 spear
              (3 damage)
             ... on level 2 of the Dungeon.
             The game lasted 00:00:34 (978 turns).

qw the Chopper (Gargoyle Fighter)                    Turns: 978, Time: 00:00:35

Health: -1/23      AC: 11    Str: 21    XL:     3   Next: 72%
Magic:  3/3        EV:  9    Int:  8    God:
Gold:   55         SH:  4    Dex:  9    Spells: 2/2 levels left

rFire   . . .        Y - +0 war axe
rCold   . . .        c - +0 buckler
rNeg    + . .        b - +0 scale mail
rPois   inf          (no helmet)
rElec   +            g - +0 cloak
rCorr   .            (no gloves)
SInv    +            (no boots)
Will    .....        (no amulet) Stlth
                     j - ring of see invisible
HPRegen 0.23/turn    (no ring)
MPRegen 0.08/turn

%: no passive effects
@: no status effects
A: sickness immunity, AC +3, negative energy resistance 1, electricity
resistance, torment resistance 1, petrification resistance
a: no special abilities


You were on level 2 of the Dungeon.
You visited 1 branch of the dungeon, and saw 2 of its levels.

You collected 118 gold pieces.
You spent 63 gold pieces at shops.


Innate Abilities, Weirdness & Mutations

You are immune to sickness and miasma.
Your stone body is resilient. (AC +3)
You are immune to poison.
You resist negative energy. (rN+)
You are resistant to electric shocks. (rElec)
You are resistant to unholy torment.
You are immune to petrification.


   Skills:
 - Level 3.2 Fighting
 + Level 3.6 Axes
 - Level 3.2 Armour
 - Level 3.2 Shields


You had 2 spell levels left.
You didn't know any spells.
Your spell library was empty.

Inventory:

Hand Weapons
 l - a +0 whip
 Y - a +0 war axe (weapon)
Armour
 a - a +0 helmet
 b - a +0 scale mail (worn)
 c - a +0 buckler (worn)
 g - a +0 cloak (worn)
Jewellery
 j - a ring of see invisible (left hand)
Scrolls
 e - a scroll of torment {unknown}
Potions
 d - a potion of might
 f - a potion of degeneration {unknown}
 h - a potion of attraction {unknown}
 i - a potion of lignification {unknown}

Dungeon Overview and Level Annotations

Branches:
Dungeon (2/15)

Altars:

Shops:
D:2 [


Message History

The gnoll is severely wounded.
The gnoll barely misses you. The gnoll hits you but does no damage.
You barely miss the gnoll.
The gnoll is severely wounded.
You block the gnoll's attack. The gnoll hits you with a +0 flail.
The gnoll closely misses you. The gnoll barely misses you.
You barely miss the gnoll.
The gnoll is heavily wounded.
The gnoll barely misses you. x2
You hit the gnoll.
The gnoll is severely wounded.
The gnoll barely misses you. The gnoll hits you but does no damage.
You completely miss the gnoll.
The gnoll is severely wounded.
The gnoll barely misses you. The gnoll closely misses you.
You block the gnoll's attack. The gnoll closely misses you.
You barely miss the gnoll.
The gnoll is severely wounded.
The gnoll barely misses you. The gnoll hits you but does no damage.
You slash the gnoll!
You kill the gnoll!
The gnoll hits you from afar with a +0 spear.
The gnoll hits you with a +0 spear. The gnoll hits you but does no damage.
You see here a +0 flail.
You hit the gnoll but do no damage. The gnoll hits you but does no damage.
You block the gnoll's attack. The gnoll hits you but does no damage.
You block the gnoll's attack.
You hit the gnoll.
The gnoll is moderately wounded.
The gnoll hits you but does no damage. x2
You barely miss the gnoll.
The gnoll is moderately wounded.
The gnoll closely misses you. The gnoll barely misses you.
You closely miss the gnoll.
The gnoll is moderately wounded.
The gnoll closely misses you.
The gnoll hits you from afar with a +0 spear.
The gnoll hits you with a +0 spear!
The gnoll hits you from afar with a +0 spear.
You die...

..# #.# #.#
#.# #.# #g#
#g#
#@############
#)...........#
#.##########.#
#%# #.#
######.#######
#.#
#............#
#.#
#)####)#####.#
#.# #.# #.#
#.#
#.#####.####.#


You could see 2 gnolls.

Vanquished Creatures
  2 gnolls (D:2)
  2 ball pythons (D:1)
  2 endoplasms (D:1)
  3 giant cockroaches (D:1)
  2 goblins
  2 hobgoblins (D:1)
  4 jackals
  2 quokkas
  A bat (D:1)
  A frilled lizard (D:2)
  A kobold (D:1)
  4 rats
26 creatures vanquished.

Notes
Turn   | Place    | Note
-------+----------+-------------------------------------------
     0 | D:1      | qw the Gargoyle Fighter began the quest for the Orb.
     0 | D:1      | Reached XP level 1. HP: 14/14 MP: 1/1
     0 | D:1      | 0 ||| qw: Version: 0.2-a-100-g7972860
     0 | D:1      | 0 ||| qw: Game counter: 250
     0 | D:1      | 0 ||| qw: Always use a shield: true
     0 | D:1      | 0 ||| qw: God list: Okawaru
     0 | D:1      | 0 ||| qw: Allow faded altars: false
     0 | D:1      | 0 ||| qw: Do Orc after D:15 true
     0 | D:1      | 0 ||| qw: Do second Lair branch before Depths: true
     0 | D:1      | 0 ||| qw: Lair rune preference: random
     0 | D:1      | 0 ||| qw: Plans: Normal, Zot:1-4, Slime:5, God:TSO, Crypt,
                  | Tomb, Pan, Hells, Abyss, Win
     0 | D:1      | 0 ||| PLANNING D:1-11
    19 | D:1      | 19 ||| Stepping ~*~*~tactically~*~*~ (stealth).
    43 | D:1      | 43 ||| Stepping ~*~*~tactically~*~*~ (stealth).
   139 | D:1      | Reached XP level 2. HP: 18/19 MP: 2/2
   156 | D:1      | 156 ||| Stepping ~*~*~tactically~*~*~ (stealth).
   812 | D:1      | 812 ||| UPGRADING to +0 cloak.
   817 | D:1      | 817 ||| UPGRADING to ring of see invisible.
   818 | D:1      | 818 ||| READING scroll labelled FIMIAVU QOXTE.
   819 | D:1      | 819 ||| READING scroll labelled LAON DAOGUR.
   820 | D:1      | 820 ||| READING scroll labelled JUPNAK INEME.
   860 | D:2      | 860 ||| STAIRDANCE
   863 | D:1      | Reached skill level 3 in Axes
   883 | D:2      | Reached XP level 3. HP: 23/23 MP: 3/3
   897 | D:2      | Found Nipsemm's Armour Emporium.
   913 | D:2      | 913 ||| BUYING +0 helmet (63 gold).
   913 | D:2      | Bought a +0 helmet for 63 gold pieces
   913 | D:2      | 913 ||| SHOPLISTING +0 plate armour (322 gold, have 55).
   913 | D:2      | 913 ||| SHOPLISTING +1 pair of gloves "Mibyudihae" {Rampage
                  | *Corrode Dex+8} (387 gold, have 55).
   913 | D:2      | 913 ||| SHOPLISTING +1 ring mail of Amorality {-Tele rElec
                  | rCorr Stlth-} (282 gold, have 55).
   978 | D:2      | HP: 2/23 [gnoll/+0 spear (7)]
   978 | D:2      | Slain by a gnoll

Levels and vault maps discovered:
D:1:      moated_graveyard_arrival, layout_basic
D:2:      layout_loops_ring, shapermc_ecumenical_altar_ellora, basic_altar,
          serial_shops, shop

Skill      XL: |  1  2 |
---------------+-------+-----
Axes           | 2 3 |  3.6
Fighting       | |  3.2
Armour         | |  3.2
Shields        | |  3.2

Action                     || total
---------------------------++-------
  Melee: War axe           ||    90
    Use: Scroll            ||     3
 Armour: Scale mail        ||    43
  Dodge: Dodged            ||    52
  Block: Buckler           ||    20

Table legend:
 A = Non-vault XP
 B = Vault XP
 C = Vault XP percentage of total XP
 D = Non-vault monster count
 E = Vault monster count
 F = Vault count percentage of total count
                 A         B        C        D         E       F
            +---------+---------+-------+---------+---------+-------
      Total |      69 |       0 |   0.0 |      26 |       0 |   0.0
            +---------+---------+-------+---------+---------+-------
        D:1 |      30 |       0 |   0.0 |      17 |       0 |   0.0
        D:2 |      39 |       0 |   0.0 |       9 |       0 |   0.0
            +---------+---------+-------+---------+---------+-------
